 Dungeon Crawl Stone Soup version 0.31.0-9-g3a7656b989 (webtiles) character file.

Game seed: 13228721961407817141

452 gohu56 the Digger (level 7, -2/38 HPs)
             Began as a Gargoyle Earth Elementalist on Jan 27, 2024.
             Slain by an iguana (10 damage)
             ... on level 4 of the Dungeon on Jan 28, 2024.
             The game lasted 00:21:13 (4266 turns).

gohu56 the Digger (Gargoyle Earth Elementalist)     Turns: 4266, Time: 00:21:14

Health: -2/38      AC:  7    Str: 11    XL:     7   Next: 5%
Magic:  9/13       EV: 11    Int: 18    God:
Gold:   70         SH:  0    Dex: 10    Spells: 11/15 levels left

rFire   . . .        d - +0 flail
rCold   . . .        (no shield)
rNeg    + . .        a - +0 robe
rPois   ∞            (no helmet)
rElec   +            t - +0 cloak
rCorr   .            (no gloves)
SInv    .            (no boots)
Will    .....        (no amulet)
Stlth   +            (no ring)
HPRegen 0.26/turn    (no ring)
MPRegen 0.13/turn

%: no passive effects
@: on fire, glowing
A: sickness immunity, AC +4, negative energy resistance 1, electricity
resistance, torment resistance 1, petrification resistance
a: no special abilities


You were on level 4 of the Dungeon.
You visited 1 branch of the dungeon, and saw 5 of its levels.

You collected 210 gold pieces.
You spent 140 gold pieces at shops.

Inventory:

Hand Weapons
 d - a +0 flail (weapon)
Missiles
 c - 31 stones
Armour
 a - a +0 robe (worn)
 t - a +0 cloak (worn)
Scrolls
 e - 3 scrolls of noise
 g - 5 scrolls of identify
 h - 6 scrolls of teleportation {unknown}
 i - 2 scrolls of amnesia {unknown}
 k - a scroll of immolation {unknown}
 m - a scroll of fog {unknown}
 q - a scroll of blinking {unknown}
 r - a scroll of poison {unknown}
 u - 2 scrolls of fear
 w - a scroll of enchant weapon {unknown}
Potions
 b - 2 potions of magic
 f - a potion of heal wounds {unknown}
 j - 2 potions of curing
 l - a potion of brilliance {unknown}
 n - a potion of degeneration {unknown}
 o - 2 potions of cancellation {unknown}
 p - 2 potions of invisibility {unknown}
 s - 2 potions of enlightenment {unknown}
 v - a potion of might {unknown}


   Skills:
 + Level 1.2 Fighting
 - Level 0.7 Maces & Flails
 + Level 0.8 Armour
 - Level 1.5 Dodging
 - Level 2.1 Stealth
 + Level 4.5 Spellcasting
 + Level 1.5 Conjurations
 + Level 6.8 Earth Magic


You had 11 spell levels left.
You knew the following spells:

 Your Spells              Type           Power      Damage    Failure   Level
a - Sandblast             Erth           56%        2d13      1%          1
b - Stone Arrow           Conj/Erth      38%        3d9       8%          3

Your spell library contained the following spells:

 Spells                   Type           Power      Damage    Failure   Level
 Passwall                 Erth           28%        N/A       2%          3
 Slow                     Hex            16%        N/A       14%         1
 Brom's Barrelling Bould  Conj/Erth      19%        2d4       26%         4
 Petrify                  Alch/Erth      16%        N/A       34%         4
 Confusing Touch          Hex            4%         N/A       38%         3
 Sigil of Binding         Hex            4%         N/A       38%         3
 Vampiric Draining        Necr           4%         2d6       38%         3
 Malign Gateway           Summ/Tloc      2%         N/A       100%        7
 Summon Horrible Things   Summ           2%         N/A       100%        8


Dungeon Overview and Level Annotations

Branches:
Dungeon (5/15)
 Temple: D:4-7

Altars:
Hepliaklqana
Trog
Uskayaw

Shops:
D:4 [:*

Annotations:
D:5 Sigmund


Innate Abilities, Weirdness & Mutations

You are immune to sickness and miasma.
Your stone body is resilient. (AC +4)
You are immune to poison.
You resist negative energy. (rN+)
You are resistant to electric shocks. (rElec)
You are resistant to unholy torment.
You are immune to petrification.


Message History

There is a stone staircase leading down here.
Aiming: Sandblast (safe; 1% risk of failure)
Press: ? - help, Q - select action, (/) - cycle Shift-Dir - straight line, f - iguana
Aim: an iguana (85% to hit)
The blast of sand hits the iguana.
The iguana is lightly wounded.
The iguana bites you.
The bombardier beetle sprays incendiary fluid at you.
The burning spray hits you.
You are covered in liquid fire!
The iguana bites you!
Aiming: Sandblast (safe; 1% risk of failure)
Press: ? - help, Q - select action, (/) - cycle Shift-Dir - straight line, f/p - iguana
Aim: an iguana (lightly wounded, 85% to hit)
The blast of sand hits the iguana.
The iguana is moderately wounded.
The liquid fire burns you!
The iguana bites you but does no damage.
The bombardier beetle misses you.
Aiming: Sandblast (safe; 1% risk of failure)
Press: ? - help, Q - select action, (/) - cycle Shift-Dir - straight line, f/p - iguana
Aim: an iguana (moderately wounded, 85% to hit)
The blast of sand misses the iguana.
The liquid fire burns you! The iguana bites you.
The bombardier beetle misses you. The iguana barely misses you.
It was a potion of curing.
You feel better. The liquid fire burns you! The iguana barely misses you.
The bombardier beetle sprays incendiary fluid at you.
The burning spray misses you.
Aiming: Sandblast (safe; 1% risk of failure)
Press: ? - help, Q - select action, (/) - cycle Shift-Dir - straight line, f/p - iguana
Aim: an iguana (moderately wounded, 85% to hit)
The blast of sand hits the iguana.
The iguana is heavily wounded.
The liquid fire burns you!
* * * LOW HITPOINT WARNING * * *
The iguana bites you!
You die...

# ##### ##
####...# #.
#@l'...# #.
#B##...# #.
#.##...#### #.
#.##...+..# #.
#.##...#..#### ##.
#.##..P..#P.P###..
#.##|....P........
#.##.P.##.....####
#.#...#...P§.P###.


You could see a bombardier beetle and an iguana.

Vanquished Creatures
  2 black bears (D:4)
  A hound (D:4)
  2 orc priests (D:4)
  An iguana (D:5)
  A gnoll (D:1)
  6 adders
  A shadow imp (D:4)
  2 dart slugs (D:1)
  A ribbon worm (D:3)
  12 orcs
  11 bats
  8 endoplasms
  8 giant cockroaches
  2 goblins
  4 hobgoblins
  2 quokkas
  A ball python (D:1)
  2 frilled lizards
  6 kobolds
  4 rats
77 creatures vanquished.

Notes
Turn   | Place    | Note
-------+----------+-------------------------------------------
     0 | D:1      | gohu56 the Gargoyle Earth Elementalist began the quest for
                  | the Orb.
     0 | D:1      | Reached XP level 1. HP: 10/10 MP: 3/3
   215 | D:1      | Reached skill level 4 in Earth Magic
   215 | D:1      | Reached XP level 2. HP: 15/15 MP: 3/5
   473 | D:1      | Reached XP level 3. HP: 10/19 MP: 4/6
  1037 | D:2      | Found a bloodstained altar of Trog.
  1599 | D:2      | Reached XP level 4. HP: 24/24 MP: 5/8
  1893 | D:3      | Found a hide-covered altar of Uskayaw.
  1914 | D:3      | Found a bloodstained altar of Trog.
  2031 | D:3      | Reached skill level 5 in Earth Magic
  2738 | D:4      | Found Kecro's Armour Boutique.
  2750 | D:4      | Bought a +0 cloak for 63 gold pieces
  2766 | D:4      | Reached XP level 5. HP: 28/28 MP: 5/9
  2946 | D:4      | Found Bugiejy's Book Shop.
  2957 | D:4      | Found Memoch's General Store.
  2988 | D:4      | Bought a scroll of identify for 22 gold pieces
  2988 | D:4      | Bought a scroll of fear for 44 gold pieces
  2988 | D:4      | Bought a scroll of noise for 11 gold pieces
  2992 | D:4      | Learned a level 3 spell: Stone Arrow
  3037 | D:4      | Noticed a black bear
  3057 | D:4      | Killed a black bear
  3058 | D:4      | Reached skill level 6 in Earth Magic
  3167 | D:4      | Found a hazy altar of Hepliaklqana.
  3241 | D:5      | Entered Level 5 of the Dungeon
  3253 | D:4      | Reached XP level 6. HP: 26/32 MP: 6/12
  3645 | D:4      | Noticed a black bear
  3663 | D:4      | Killed a black bear
  3749 | D:5      | Noticed an ice beast
  3822 | D:4      | Reached skill level 1 in Fighting
  4191 | D:5      | Noticed an ice beast
  4191 | D:5      | Noticed Sigmund
  4193 | D:5      | Noticed a black bear
  4194 | D:5      | Reached XP level 7. HP: 29/38 MP: 10/13
  4266 | D:4      | Slain by an iguana

Illustrated notes

Levels and vault maps discovered:
D:1:      eino_arrival_cavern_c, layout_basic, serial_glass, glass_columns_c,
          glass_columns_a, minmay_cupped
D:2:      layout_loops_corners, basic_altar, roderic_roman_lattice
D:3:      layout_basic, mainiacjoe_overflow_catwalk, overflow_temple_1_default,
          minmay_misc_feat_chi
D:4:      layout_basic, nicolae_hepliaklqana_hazy_memory, serial_shops,
          nicolae_shop_advertising_works [nicolae_subvault_shop_adworks],
          nicolae_shop_trees, nicolae_shop_crystal, grunt_ministairs_7
D:5:      layout_rooms, marbit_many_paths, serial_shops, shop,
          ebering_ghost_reflecting_pool, nicolae_fountain_basement, uniq_sigmund

Skill      XL: |  1  2  3  4  5  6 |
---------------+-------------------+-----
Earth Magic    | 4 5 6 |  6.8
Spellcasting   | 3 4 |  4.5
Fighting       | 1 |  1.2
Maces & Flails | |  0.7
Armour         | |  0.8
Dodging        | |  1.5
Stealth        | |  2.1
Conjurations   | |  1.5

Action                     |  1- 3 |  4- 6 |  7- 9 || total
---------------------------+-------+-------+-------++-------
  Melee: Flail             |    15 |    37 |       ||    52
         Unarmed           |     4 |       |       ||     4
  Throw: Stone             |       |     1 |       ||     1
   Cast: Sandblast         |    24 |    73 |     4 ||   101
         Stone Arrow       |       |     3 |       ||     3
    Use: Potion            |       |       |     1 ||     1
   Stab: Sleeping          |     3 |       |       ||     3
 Armour: Robe              |    15 |    64 |     7 ||    86
  Dodge: Dodged            |    14 |    48 |     6 ||    68
